 Dungeon Crawl Stone Soup version 0.27.1-35-g4d5d836560 (webtiles) character file.

Game seed: 339731635288843853

52 Delamore the Sneak (level 3, -3/24 HPs)
             Began as an Octopode Brigand on May 16, 2022.
             Splashed by a jelly's acid (5 damage)
             ... on level 2 of the Dungeon.
             The game lasted 00:01:58 (2072 turns).

Delamore the Sneak (Octopode Brigand)               Turns: 2072, Time: 00:01:59

Health: -3/24      AC: -7    Str: 10    XL:     3   Next: 85%
Magic:  3/3        EV: 12    Int: 13    God:
Gold:   45         SH:  0    Dex: 14    Spells: 2/2 levels left

rFire    . . .     SeeInvis .   a - +2 dagger
rCold    . . .     Faith    .   (no shield)
rNeg     . . .     Spirit   .   (helmet restricted)
rPois    .         Reflect  .   (no amulet)
rElec    .         Harm     .   (no ring)
rCorr    .         Rampage  .   (no ring)
Will     .....                  (no ring)
Stlth    ++++......             (no ring)
HPRegen  0.08/turn              (no ring)
MPRegen  0.08/turn              (no ring)
                                (no ring)
                                (no ring)

@: corroded
A: almost no armour, amphibious, 8 rings, camouflage 1, gelatinous body 1,
(nimble swimmer 1), tentacles
a: no special abilities


You were on level 2 of the Dungeon.
You visited 1 branch of the dungeon, and saw 2 of its levels.

You collected 45 gold pieces.

Inventory:

Hand Weapons
 a - a +2 dagger (weapon)
Missiles
 b - 7 poisoned darts
 c - 2 curare-tipped darts
 i - 60 stones (quivered)
Jewellery
 k - a +6 ring of intelligence
Scrolls
 e - a scroll of noise
 f - 2 scrolls of identify
 n - a scroll of enchant weapon
Potions
 d - a potion of might {unknown}
 g - a potion of brilliance {unknown}
 h - a potion of lignification {unknown}
 j - a potion of haste {unknown}
 l - a potion of curing
 m - a potion of magic {unknown}


   Skills:
 - Level 2.0 Fighting
 * Level 3.5 Short Blades
 + Level 2.7 Throwing
 - Level 1.0 Dodging
 - Level 5.3 Stealth


You had 2 spell levels left.
You didn't know any spells.
Your spell library was empty.

Dungeon Overview and Level Annotations

Branches:
Dungeon (2/15)

Altars:

Annotations:
D:2 Natasha, Terence


Innate Abilities, Weirdness & Mutations

You cannot wear most types of armour.
You are amphibious.
You can wear up to eight rings at the same time.
Your skin changes colour to match your surroundings (Stealth+).
Your rubbery body absorbs attacks. (AC +1, EV +1)
((You are camouflaged near water. (Stealth+)))
You have tentacles for arms and can constrict up to eight enemies at once.


Message History

It is a scroll of identify.
n - a scroll of enchant weapon
As you read the scroll of identify, it crumbles to dust.
l - a potion of curing A rat comes into view.
A rat is nearby!
You hit the rat.
You kill the rat!
No target in view!
A kobold comes into view. It is wielding a +0 dagger.
A kobold is nearby!
A kobold is nearby!
The kobold shouts!
No target in view!
No target in view!
A kobold is nearby!
A jelly comes into view.
The jelly quivers.
You hit the kobold.
You kill the kobold!
Things that are here:
a +0 dagger; a kobold corpse
Found 30 arrows.
You hit the jelly.
Your tentacles burn!
The jelly is lightly wounded.
The jelly misses you.
You hit the jelly.
Your tentacles burn!
The jelly is heavily wounded.
The jelly closely misses you.
You hit the jelly. The acid corrodes you!
Your tentacles burn!
Your squeeze misses the jelly.
The jelly is severely wounded.
The jelly barely misses you.
You hit the jelly but do no damage.
Your tentacles burn!
The jelly is severely wounded.
The jelly hits you. The acid corrodes you!
You are splashed with acid.
* * * LOW HITPOINT WARNING * * *
You are too injured to fight recklessly!
You hit the jelly.
Your tentacles burn!
You die...

#(....# #.....#
#.....# #.....#
# #.....#
########
#.....#
.......####
#..J..#
######.....#
#..@..#
#..##.)####
#.....(#
######.....# .
#..........#...
.####>.......#
##.....#.##
#..##.#..# ##
#.....#.##


You could see a jelly.

Vanquished Creatures
  A dart slug (D:2)
  6 endoplasms
  A giant cockroach (D:2)
  6 hobgoblins (D:1)
  A jackal (D:1)
  5 quokkas
  6 ball pythons
  2 bats (D:2)
  3 frilled lizards
  3 goblins (D:1)
  8 kobolds
  3 rats
45 creatures vanquished.

Notes
Turn   | Place    | Note
-------+----------+-------------------------------------------
     0 | D:1      | Delamore the Octopode Brigand began the quest for the Orb.
     0 | D:1      | Reached XP level 1. HP: 14/14 MP: 1/1
   108 | D:1      | Reached XP level 2. HP: 18/19 MP: 2/2
   862 | D:1      | Reached XP level 3. HP: 21/24 MP: 3/3
  1775 | D:2      | Noticed Terence
  1776 | D:2      | Noticed Natasha
  2072 | D:2      | Splashed by a jelly's acid

Illustrated notes

Levels and vault maps discovered:
D:1:      evilmike_arrival_fibonacci_small, layout_basic, minmay_box_of_dots
D:2:      layout_rooms, uniq_natasha, uniq_terence

Skill      XL: |  1  2 |
---------------+-------+-----
Short Blades   | 3 |  3.5
Fighting       | |  2.0
Throwing       | |  2.7
Dodging        | |  1.0
Stealth        | |  5.3

Action                   || total
-------------------------++-------
Melee: Dagger            ||    74
       Tentacles         ||    10
       Constrict         ||    15
Throw: Dart              ||     2
       Stone             ||    10
  Use: Scroll            ||     3
 Stab: Sleeping          ||    13
Armor: Skin              ||     6
Dodge: Dodged            ||    31
